 Dungeon Crawl Stone Soup version 0.28.0 (webtiles) character file.

Game seed: 16187948524360279530

4792 HallandMoats the Fighter (level 10, -3/93 HPs)
             Began as a Ghoul Monk on Feb 12, 2022.
             Was an Elder of Qazlal.
             Slain by an orc knight (13 damage)
             ... in a bailey.
             The game lasted 00:11:31 (7966 turns).

HallandMoats the Fighter (Ghoul Monk)               Turns: 7966, Time: 00:11:31

Health: -3/93      AC:  8    Str: 20    XL:     10   Next: 48%
Magic:  17/20      EV: 14    Int:  5    God:    Qazlal [****..]
Gold:   239        SH:  5    Dex: 11    Spells: 9/9 levels left

rFire   . . .      SeeInvis .     - Unarmed
rCold   + . .      Faith    .   f - orb {light}
rNeg    + + +      Spirit   .   B - +0 steam dragon scales
rPois   ∞          Reflect  .   (no helmet)
rElec   .          Harm     .   u - +0 cloak
rCorr   .          Rampage  .   (no gloves)
Will    .....                   y - +0 pair of boots
Stlth   +.........              (no amulet)
HPRegen 0.00/turn               b - ring of magical power
MPRegen 0.17/turn               (no ring)

@: about to teleport, inhibited regen, glowing, repel missiles
A: claws 1, cold resistance 1, negative energy resistance 3, inhibited
regeneration, torment resistance 2
a: Renounce Religion, Upheaval, Elemental Force


You were in a bailey.
You worshipped Qazlal.
Qazlal was greatly pleased with you.
You visited 1 branch of the dungeon, and saw 7 of its levels.
You also visited: Bailey.

You collected 239 gold pieces.

Inventory:

Hand Weapons
 w - a +0 spear of venom
 E - the +2 Maxwell's thermic engine {flame, freeze}
   (You found it in a bailey)

   It burns those it strikes, dealing additional fire damage.
   Big, fiery blades are also staple armaments of hydra-hunters.
   It freezes those it strikes, dealing additional cold damage.
   It can also slow down cold-blooded creatures.
   It becomes more effective when it hits something.
   This effect fades over time.
Armour
 f - an orb of light (worn)
 u - a +0 cloak (worn)
 y - a +0 pair of boots (worn)
 B - +0 steam dragon scales (worn)
Jewellery
 b - a ring of magical power (left claw)
 e - a +6 ring of intelligence
 m - a ring of willpower
Wands
 p - a wand of mindburst (10)
 C - a wand of paralysis (6)
Scrolls
 c - a scroll of magic mapping
 d - a scroll of vulnerability {unknown}
 j - a scroll of summoning {unknown}
 n - a scroll of teleportation
 o - a scroll of identify
 r - a scroll of enchant weapon {unknown}
 s - 4 scrolls of blinking
 v - a scroll of amnesia
 x - a scroll of enchant armour
Potions
 a - 2 potions of berserk rage {unknown}
 g - 2 potions of heal wounds {unknown}
 h - 5 potions of curing
 i - 2 potions of flight {unknown}
 k - a potion of attraction {unknown}
 l - a potion of degeneration {unknown}
 q - a potion of magic {unknown}
 t - a potion of resistance {unknown}
 z - a potion of mutation {unknown}
 A - 2 potions of haste {unknown}
 D - a potion of cancellation {unknown}


   Skills:
 - Level 10.0 Fighting
 - Level 5.2 Armour
 - Level 6.2 Dodging
 - Level 2.1 Stealth
 - Level 9.9 Unarmed Combat
 * Level 3.2 Invocations


You had 9 spell levels left.
You didn't know any spells.
Your spell library contained the following spells:

 Spells                   Type           Power      Damage    Failure   Level
 Magic Dart               Conj           0%         1d3       47%         1
 Summon Small Mammal      Summ           0%         N/A       47%         1
 Call Imp                 Summ           0%         N/A       63%         2
 Call Canine Familiar     Summ           0%         N/A       85%         3
 Gell's Gravitas          Tloc           0%         N/A       85%         3
 Mephitic Cloud           Conj/Pois/Air  0%         N/A       85%         3
 Summon Guardian Golem    Hex/Summ       0%         N/A       85%         3
 Teleport Other           Tloc           0%         N/A       85%         3
 Dispersal                Tloc           0%         N/A       100%        6


Dungeon Overview and Level Annotations

Branches:
Dungeon (7/15)             Temple (0/1) D:6          Bailey (1/1)

Altars:
Elyvilon
Gozag
Qazlal
Ru
Sif Muna
Trog
Uskayaw

Shops:
D:4 [


Innate Abilities, Weirdness & Mutations

You thrive by killing the living.
You are immune to poison.
You have sharp fingernails.
Your flesh is cold resistant. (rC+)
You are immune to negative energy. (rN+++)
You do not regenerate when monsters are visible.
You are immune to unholy pain and torment.


Message History

Press: ? - help, Dir - look around, f - activate Clouds arounds you coalesce and take form!
The orc knight hits you with a +0 war axe!!
* * * LOW HITPOINT WARNING * * *
Unknown command.
What are your orders? t - Shout!
Orders for allies: a - Attack new target. r - Retreat! s - Stop attacking. g - Guard the area. f - Follow me.
Anything else - Cancel.
Gang up on whom?
Press: ? - help, Dir - move target, f - orc knight
Aim: an orc knight, wielding a +0 war axe and wearing a +0 chain mail (heavily wounded, ally target, haloed) Attack!
The orc knight hits you with a +0 war axe!
* * * LOW HITPOINT WARNING * * *
The orc knight closely misses your water elemental.
Your water elemental barely misses the orc knight.
Your water elemental hits the orc knight!
Your water elemental engulfs the orc knight in water!
The orc knight is asphyxiated!
Your water elemental hits the orc knight.
The orc knight is no longer engulfed.
Your water elemental hits the orc knight.
Your water elemental engulfs the orc knight in water!
The orc knight is no longer engulfed.
There is an open door here.
You see here 4 datura-tipped darts.
Your water elemental disappears in a puff of smoke!
There is an open gate here.
Things that are here:
a +0 war axe; 4 poisoned darts; a kobold corpse
Things that are here:
a +0 war axe; 5 datura-tipped darts; a +0 plate armour The orc knight is struck by lightning.
As you read the scroll of teleportation, it crumbles to dust.
You feel strangely unstable.
The orc knight hits you with a +0 war axe!
You die...

#.###≈≈...)...≈≈###
#....≈≈.......≈≈...
#.###≈≈.......≈≈###
#....≈≈.......≈≈..
#.###≈≈..○....≈≈###
#....≈(((°§...≈≈..
#####≈).☼.☼...≈≈##
##≈((.o...≈##
####.@○#### #...#
#.☼.# #...# ##'''##
##..∩..## #.......#
#...∩...# ##.....##


You could see an orc knight.

Vanquished Creatures
  Pikel (D:5)
  Maggie (D:6)
  Eustachio (D:6)
  2 steam dragons
  Menkaure (D:6)
  3 water moccasins
  An orc warrior (D:4)
  An ice beast (D:6)
  A hornet zombie (D:6)
  A centaur (D:6)
  3 ogres (D:5)
  2 phantoms
  A lemure (D:5)
  A bullfrog (D:6)
  Blork the orc (D:6)
  7 kobold brigands (Bailey)
  4 scorpions (D:5)
  A water moccasin zombie (D:5)
  A water moccasin skeleton (D:5)
  A howler monkey (D:5)
  A bullfrog zombie (D:5)
  3 orc priests
  A bullfrog skeleton (D:4)
  3 jellies
  4 hounds
  An iguana (D:6)
  7 orc wizards
  A scorpion zombie (D:5)
  Ijyb (D:3)
  A killer bee zombie (D:6)
  A hound skeleton (D:5)
  8 adders
  A howler monkey skeleton (D:6)
  2 shadow imps
  A white imp (D:5)
  3 ufetubi
  An adder skeleton (D:4)
  3 worms
  3 dart slugs
  20 orcs
  5 ball pythons
  7 endoplasms
  3 giant cockroaches
  6 hobgoblins
  7 jackals
  3 quokkas
  3 bats
  2 frilled lizards (D:1)
  6 goblins
  16 kobolds
  12 rats
171 creatures vanquished.

Vanquished Creatures (collateral kills)
  An orc knight (Bailey)
  An orc warrior (Bailey)
2 creatures vanquished.

Grand Total: 173 creatures vanquished

Notes
Turn   | Place    | Note
-------+----------+-------------------------------------------
     0 | D:1      | HallandMoats the Ghoul Monk began the quest for the Orb.
     0 | D:1      | Reached XP level 1. HP: 19/19 MP: 0/0
     8 | D:1      | Noticed a vampire
    11 | D:1      | Noticed a human
    11 | D:1      | Noticed a minotaur skeleton
    13 | D:1      | Noticed a spriggan
    15 | D:1      | Noticed a barachi
    17 | D:1      | Noticed an ogre
   226 | D:1      | Reached XP level 2. HP: 22/26 MP: 1/1
   693 | D:2      | Reached XP level 3. HP: 25/33 MP: 2/2
  1176 | D:2      | Reached skill level 4 in Fighting
  1192 | D:2      | Reached skill level 1 in Armour
  1192 | D:2      | Reached XP level 4. HP: 35/40 MP: 3/3
  1276 | D:2      | Found a faded altar of an unknown god.
  1535 | D:2      | Prayed at the altar of an unknown god.
  1535 | D:2      | Became a worshipper of Qazlal Stormbringer
  1535 | D:2      | Reached * piety under Qazlal
  1535 | D:2      | Reached ** piety under Qazlal
  1683 | D:3      | Found a hide-covered altar of Uskayaw.
  1697 | D:3      | Reached *** piety under Qazlal
  2224 | D:3      | You fall into a shaft and drop 1 floor!
  2243 | D:4      | Reached XP level 5. HP: 38/47 MP: 4/4
  2278 | D:4      | Found Ublour's Armour Shop.
  2422 | D:3      | Found a bloodstained altar of Trog.
  2555 | D:3      | Noticed Ijyb
  2562 | D:3      | Killed Ijyb
  3232 | D:4      | Reached XP level 6. HP: 55/55 MP: 5/5
  3234 | D:4      | Reached skill level 5 in Fighting
  3333 | D:4      | Reached **** piety under Qazlal
  3338 | D:4      | Reached skill level 5 in Unarmed Combat
  3569 | D:5      | Entered Level 5 of the Dungeon
  3763 | D:5      | Reached XP level 7. HP: 41/62 MP: 6/6
  3923 | D:5      | Reached skill level 6 in Fighting
  4421 | D:4      | Reached XP level 8. HP: 54/71 MP: 7/7
  5038 | D:5      | Reached skill level 7 in Fighting
  5090 | D:5      | Noticed Pikel
  5129 | D:5      | Killed Pikel
  5368 | D:5      | Reached XP level 9. HP: 81/81 MP: 8/8
  5380 | D:5      | Reached skill level 8 in Fighting
  5380 | D:5      | Reached skill level 5 in Dodging
  5486 | D:5      | Reached ***** piety under Qazlal
  5893 | D:6      | Found a staircase to the Ecumenical Temple.
  5894 | D:6      | Noticed Maggie
  5905 | D:6      | Killed Maggie
  6044 | D:6      | Found a shimmering blue altar of Sif Muna.
  6055 | D:6      | Noticed Menkaure
  6059 | D:6      | Killed Menkaure
  6119 | D:6      | Reached skill level 9 in Fighting
  6533 | D:6      | Found an opulent altar of Gozag.
  6581 | D:6      | Noticed Blork the orc
  6588 | D:6      | Killed Blork the orc
  6648 | D:6      | Found a sacrificial altar of Ru.
  6654 | D:6      | Reached XP level 10. HP: 91/91 MP: 9/9
  6869 | D:6      | Noticed Eustachio
  6887 | D:6      | Killed Eustachio
  6887 | D:6      | Noticed a boulder beetle
  7535 | D:7      | Reached skill level 5 in Armour
  7556 | D:7      | Found a flagged portal.
  7562 | Bailey   | Entered a bailey
  7613 | Bailey   | Found the +2 Maxwell's thermic engine {flame, freeze}
  7613 | Bailey   | Noticed an orc knight
  7633 | Bailey   | Killed an orc knight
  7634 | Bailey   | Reached skill level 10 in Fighting
  7634 | Bailey   | Reached skill level 1 in Invocations
  7898 | Bailey   | Noticed an orc knight
  7899 | Bailey   | Found an iron altar of Okawaru.
  7966 | Bailey   | Slain by an orc knight

Illustrated notes

Levels and vault maps discovered:
D:1:      shiori_arrival_whats_in_store_for_you, layout_rooms
D:2:      layout_basic, shapermc_ecumenical_altar_mp_vishouse, basic_altar
D:3:      layout_loops_corners, eat_drink_and_be_merry_uskayaw,
          general_overflow_altar, hex_medium, uniq_ijyb
D:4:      layout_gridville, serial_shops, nicolae_stop_n_shop_2
D:5:      layout_rooms, roderic_roman_lattice, minmay_joined_circles, uniq_pikel
D:6:      layout_loops_ring, mainiacjoe_overflow_24_doors,
          nicolae_ru_great_annihilating_truth, mainiacjoe_overflow_boulevard,
          minmay_temple_entry_arrows, minmay_small_thing, uniq_blork_the_orc,
          uniq_maggie, uniq_menkaure, uniq_eustachio
D:7:      layout_rooms, minmay_overflow_temple_star_quad, enter_bailey_3
Bailey:   bailey_axe_3, bailey

Skill      XL: |  1  2  3  4  5  6  7  8  9 10 |
---------------+-------------------------------+-----
Fighting       | 4 5 6 7 9 10 | 10.0
Dodging        | 3 4 5 6 |  6.2
Unarmed Combat | 4 5 6 7 9 |  9.9
Armour         | 1 2 3 4 5 |  5.2
Invocations    | 3 |  3.2
Stealth        | |  2.1

Action                   |  1- 3 |  4- 6 |  7- 9 | 10-12 || total
-------------------------+-------+-------+-------+-------++-------
Melee: Unarmed           |   105 |   195 |   240 |    84 ||   624
       Punch             |     4 |    10 |    17 |       ||    31
Invok: Elemental Force   |       |       |       |     4 ||     4
  Use: Scroll            |       |       |     7 |     2 ||     9
 Stab: Sleeping          |     2 |       |       |       ||     2
       Paralysed         |       |       |       |     1 ||     1
Armor: Robe              |     9 |       |       |       ||     9
       Scale mail        |    13 |    59 |    53 |       ||   125
       Steam dragon scal |       |       |    24 |    15 ||    39
Dodge: Dodged            |    53 |    90 |    81 |    56 ||   280
       Repelled          |       |       |     1 |     3 ||     4
Block: Other             |       |    41 |    45 |     2 ||    88
       Orb               |       |       |       |    25 ||    25
